 Dungeon Crawl Stone Soup version 0.22-a0-388-g09e6169 (webtiles) character file.

129810 wjh11 the Executioner (level 16, -1/151 HPs)
             Began as a Minotaur Berserker on Apr 29, 2018.
             Was a High Priest of Trog.
             Slain by a demonic crawler (2 damage)
             ... on level 3 of the Spider Nest.
             The game lasted 01:41:43 (31212 turns).

wjh11 the Executioner (Minotaur Berserker)         Turns: 31212, Time: 01:41:43

Health: -1/151     AC:  1    Str: 25    XL:     16   Next: 51%
Magic:  15/15      EV: 10    Int:  4    God:    Trog [*****.]
Gold:   2313       SH:  0    Dex: 14    Spells: 15/15 levels left

rFire    . . .     SeeInvis +   N - +1 hand axe (vamp)
rCold    . . .     Gourm    .   b - +2 large shield {AC+3}
rNeg     . . .     Faith    +   g - +2 plate armour {rPois}
rPois    +         Spirit   .   w - +0 hat
rElec    .         Reflect  .   p - +2 cloak
rCorr    .         Harm     .   (no gloves)
MR       +++..                  T - +2 pair of boots {run}
Stlth    ..........             y - amulet of faith
HPRegen  1.35/turn              G - ring of poison resistance
MPRegen  0.14/turn              O - ring of see invisible

@: confused, corroded, regenerating, quick
A: retaliatory headbutt, horns 2
a: Berserk, Trog's Hand, Brothers in Arms, Renounce Religion


You were on level 3 of the Spider Nest.
You worshipped Trog.
Trog was extremely pleased with you.
You were not hungry.

You visited 4 branches of the dungeon, and saw 26 of its levels.
You visited 1 bazaar.
You also visited: Labyrinth and Sewer.

You collected 2932 gold pieces.
You spent 619 gold pieces at shops.

Inventory:

Hand Weapons
 B - a +6 longbow of freezing
 H - the +9 hand crossbow of Dullness {velocity, Dex+6 Stlth+}
   (Trog gifted it to you on level 5 of the Lair of Beasts)

   Any bolt fired from it inflicts extra damage.
   It affects your dexterity (+6).
   It makes you more stealthy.
 N - a +1 vampiric hand axe (weapon)
Armour
 b - a +2 large shield of protection (worn)
 g - a +2 plate armour of poison resistance (worn)
 p - a +2 cloak (worn)
 w - a +0 hat (worn)
 P - +0 fire dragon scales
 T - a +2 pair of boots of running (worn)
Jewellery
 y - an amulet of faith (around neck)
 G - a ring of poison resistance (left hand)
 K - an uncursed ring of stealth {unknown}
 O - a ring of see invisible (right hand)
 R - a +2 ring of evasion {unknown}
 Y - an uncursed ring of magical power
Wands
 Q - a wand of disintegration (17)
Scrolls
 a - 2 scrolls of summoning
 e - 4 scrolls of fog
 f - 11 scrolls of amnesia
 j - 10 scrolls of enchant armour
 k - 2 scrolls of enchant weapon
 l - 9 scrolls of teleportation
 o - 10 scrolls of remove curse
 q - a scroll of torment
 r - 2 scrolls of immolation
 C - 2 scrolls of silence
 D - 4 scrolls of fear
 E - a scroll of vulnerability
 I - 2 scrolls of brand weapon
 M - a scroll of magic mapping
 V - 2 scrolls of random uselessness
 W - 4 scrolls of identify
Potions
 h - 7 potions of heal wounds
 i - 4 potions of cancellation
 m - 3 potions of might
 n - 3 potions of brilliance
 s - 3 potions of resistance {unknown}
 t - 11 potions of flight
 u - 8 potions of lignification
 v - 3 potions of invisibility {unknown}
 x - 5 potions of haste
 z - 12 potions of curing
 A - 2 potions of ambrosia {unknown}
 F - 5 potions of mutation
 J - 2 potions of berserk rage {unknown}
 L - a potion of magic {unknown}
 S - 4 potions of degeneration {unknown}
 Z - 4 potions of agility
Comestibles
 c - 24 rations


   Skills:
 + Level 15.9 Fighting
 * Level 21.0 Axes
 + Level 15.7 Armour
 - Level 10.0 Dodging
 + Level 12.4 Shields


You had 15 spell levels left.
You didn't know any spells.

Dungeon Overview and Level Annotations

Branches:
Dungeon (15/15)            Temple (0/1) D:4            Lair (6/6) D:10
  Swamp (0/4) Lair:2       Spider (3/4) Lair:4        Slime (0/5) Lair:5
    Orc (2/2) D:9             Elf (0/3) Orc:2        Vaults (0/5) D:14
 Depths (0/5) D:15

Altars:
Ashenzari
Cheibriados
Hepliaklqana
Makhleb
Okawaru
Ru
Sif Muna
Trog
Uskayaw
Vehumet
Yredelemnul
Beogh

Shops:
D:4 (   D:10 %   D:11 *[(   D:12 [%   Orc:2 }?(%

Portals:
Pandemonium: Orc:2


Innate Abilities, Weirdness & Mutations

You reflexively headbutt those who attack you in melee.
You have a pair of horns on your head.


Message History

The demonic crawler hits you. The entropy weaver barely misses you.
The entropy weaver hits you but does no damage.
The entropy weaver hits you!
* * * LOW HITPOINT WARNING * * *
The entropy weaver barely misses you. The tarantella bites you!
* * * LOW HITPOINT WARNING * * *
You are more confused.
You're too confused to move!
The demonic crawler hits you.
* * * LOW HITPOINT WARNING * * *
The demonic crawler hits you.
* * * LOW HITPOINT WARNING * * *
The demonic crawler hits you!
* * * LOW HITPOINT WARNING * * *
The entropy weaver casts a spell.
The entropic weave corrodes you!
The tarantella bites you but does no damage.
The demonic crawler hits you!
* * * LOW HITPOINT WARNING * * *
The demonic crawler hits you.
You die...

#...........#
.......
#..........##
.......
#..........#
)......
###.>.......#
.......
##............#
....s..
##.###........##
.....ss##.##
####......
.....#ss.##
##..## #..a@##
.# #.....#
#.......#
#.....s..#
#.##....#.# #.
#######.# . #..
## ... #. ##
###.


You could see an entropy weaver, a demonic crawler, 2 wolf spiders, an orb
spider, a tarantella and a redback.

Vanquished Creatures
  Rupert (Spider:1)
  A sphinx (D:15)
  An emperor scorpion (Spider:2)
  Josephine (D:10)
  3 fire dragons
  An ogre mage (D:14)
  Erolcha (D:9)
  2 catoblepae
  5 hydras
  3 centaur warriors
  A death knight (D:15)
  8 two-headed ogres
  6 death yaks (Lair:6)
  3 orc high priests (Orc:2)
  3 skeletal warriors
  A wizard (D:14)
  3 unseen horrors (D:15)
  A lindwurm (Lair:5)
  4 orc knights
  11 orb spiders
  12 wolf spiders
  13 ugly things
  A manticore (D:14)
  4 elephants (Lair:6)
  A gargoyle (D:11)
  4 black mambas
  17 spiny frogs
  An orange demon (Orc:2)
  5 kobold demonologists
  12 rime drakes
  3 centaur skeletons
  11 komodo dragons
  An efreet (D:15)
  12 demonic crawlers
  3 freezing wraiths (D:15)
  A hellwing (Orc:2)
  6 polar bears
  6 trolls
  25 jumping spiders
  7 hornets
  A polar bear (shapeshifter) (D:15)
  16 blink frogs
  A blink frog (shapeshifter) (D:15)
  9 slime creatures
  7 hippogriffs
  Grinder (D:4)
  4 dream sheep (Lair:5)
  11 spriggans (Lair:6)
  12 tarantellas
  2 wyverns
  41 redbacks
  3 shadows
  8 wraiths
  27 yaks
  8 steam dragons (Lair:5)
  4 vampire mosquitoes
  A basilisk (Lair:1)
  2 wargs (Orc:2)
  3 hungry ghosts
  2 acid dragons
  8 water moccasins
  10 porcupines
  2 sky beasts
  4 ice beasts
  6 black bears
  28 orc warriors
  4 phantoms
  A necrophage (D:7)
  5 boggarts (Lair:6)
  8 ogres
  25 wolves
  8 centaurs
  17 crocodiles
  2 big kobolds
  2 gnoll sergeants
  22 bullfrogs
  A wyvern skeleton (D:12)
  2 jellies
  2 scorpions
  5 killer bees (D:10)
  25 wights
  2 electric eels (Lair:2)
  6 howler monkeys
  2 crimson imps
  3 bullfrog zombies
  5 centaur zombies
  2 quasits
  A bullfrog skeleton (D:6)
  7 hounds
  24 orc priests
  20 orc wizards
  Jessica (D:2)
  8 worker ants
  Ijyb (D:5)
  3 iguanas
  A merfolk siren (Sewer)
  A merfolk avatar (Sewer)
  A hound skeleton (D:10)
  Robin (D:2)
  11 gnolls
  A howler monkey zombie (D:6)
  16 adders
  6 shadow imps
  2 oozes
  2 adder skeletons
  6 worms
  A dart slug (D:1)
  3 leopard geckos
  86 orcs
  7 giant cockroaches
  31 goblins
  17 hobgoblins
  16 jackals
  7 quokkas
  7 ball pythons
  A ball python skeleton (D:4)
  8 bats
  6 frilled lizards
  20 kobolds
  A leopard gecko skeleton (D:6)
  30 rats
  10 fungi
  3 plants
942 creatures vanquished.

Vanquished Creatures (collateral kills)
  A minotaur (Lab)
  5 orc high priests (Orc:2)
  A sixfirhy (Orc:2)
  3 infernal demonspawn (Orc:2)
  A gelid demonspawn (Orc:2)
  A wolf spider (Spider:1)
  3 orb spiders
  2 orc knights (Orc:2)
  4 orc sorcerers
  2 elephants (Lair:6)
  A black mamba (Lair:6)
  A moth of wrath (Spider:2)
  An orange demon (Orc:2)
  2 demonic crawlers
  2 red devils (Orc:2)
  4 tarantellas
  2 redbacks
  A basilisk (Lair:6)
  6 orc warriors
  2 wolves (Lair:6)
  3 orc priests (Orc:2)
48 creatures vanquished.

Vanquished Creatures (others)
  2 centaur skeletons
  An orc wizard (Orc:1)
  13 fungi
  7 plants
23 creatures vanquished.

Grand Total: 1013 creatures vanquished

Notes
Turn   | Place    | Note
-------+----------+-------------------------------------------
     0 | D:1      | wjh11 the Minotaur Berserker began the quest for the Orb.
     0 | D:1      | Reached XP level 1. HP: 19/19 MP: 0/0
    28 | D:1      | Reached XP level 2. HP: 13/27 MP: 1/1
    33 | D:1      | Reached skill level 4 in Axes
   381 | D:1      | Reached XP level 3. HP: 18/33 MP: 2/2
   606 | D:2      | Noticed Robin
   614 | D:2      | Reached ** piety under Trog
   620 | D:2      | Killed Robin
   624 | D:2      | Reached XP level 4. HP: 40/40 MP: 3/3
  1326 | D:2      | Noticed Jessica
  1329 | D:2      | Killed Jessica
  1329 | D:2      | Reached skill level 5 in Axes
  1347 | D:2      | Reached XP level 5. HP: 36/47 MP: 4/4
  1841 | D:2      | Reached *** piety under Trog
  1954 | D:3      | Found a basalt altar of Yredelemnul.
  2076 | D:3      | Found a glowing drain.
  2105 | Sewer    | Entered a sewer
  2214 | Sewer    | Reached XP level 6. HP: 52/55 MP: 5/5
  2219 | Sewer    | Reached **** piety under Trog
  2339 | Sewer    | Reached skill level 6 in Axes
  2360 | Sewer    | Reached skill level 5 in Fighting
  3037 | D:4      | Reached ***** piety under Trog
  3072 | D:4      | Found an iron altar of Okawaru.
  3128 | D:4      | Noticed Grinder
  3128 | D:4      | Paralysed by Grinder for 4 turns
  3154 | D:4      | Killed Grinder
  3154 | D:4      | Reached XP level 7. HP: 36/61 MP: 4/6
  3158 | D:4      | Reached skill level 7 in Axes
  3202 | D:4      | Found a staircase to the Ecumenical Temple.
  3219 | D:4      | Found a faded altar of an unknown god.
  3219 | D:4      | Found a burning altar of Makhleb.
  3224 | D:4      | Found a deep blue altar of Sif Muna.
  3226 | D:4      | Found a hazy altar of Hepliaklqana.
  3227 | D:4      | Found a shattered altar of Ashenzari.
  3358 | D:4      | Found Lacowkaj's Weapon Emporium.
  3417 | D:5      | Entered Level 5 of the Dungeon
  3417 | D:5      | Noticed Ijyb
  3440 | D:5      | Killed Ijyb
  3440 | D:5      | Reached skill level 5 in Armour
  3518 | D:5      | Found a sacrificial altar of Ru.
  3519 | D:5      | Found a radiant altar of Vehumet.
  3662 | D:5      | Received a gift from Trog
  4110 | D:5      | Reached skill level 8 in Axes
  4110 | D:5      | Reached skill level 5 in Dodging
  4110 | D:5      | Reached XP level 8. HP: 25/70 MP: 2/7
  4658 | D:6      | Noticed a moth of wrath
  4660 | D:6      | Found a bloodstained altar of Trog.
  4844 | D:6      | Reached skill level 9 in Axes
  4934 | D:6      | Reached XP level 9. HP: 55/79 MP: 2/8
  5561 | D:7      | Reached skill level 10 in Axes
  6459 | D:8      | Noticed a two-headed ogre
  6465 | D:8      | Killed a two-headed ogre
  6465 | D:8      | Reached skill level 11 in Axes
  6584 | D:8      | Received a gift from Trog
  6728 | D:8      | Reached XP level 10. HP: 88/89 MP: 3/9
  6873 | D:9      | Found a staircase to the Orcish Mines.
  6922 | D:9      | Noticed a two-headed ogre
  6933 | D:9      | Killed a two-headed ogre
  7258 | D:9      | Found a basalt altar of Yredelemnul.
  7476 | D:9      | Found a hide-covered altar of Uskayaw.
  7733 | D:9      | Noticed Erolcha
  7738 | D:9      | Paralysed by Erolcha for 2 turns
  7746 | D:9      | Killed Erolcha
  7746 | D:9      | Reached skill level 12 in Axes
  7901 | D:9      | Found a roughly hewn altar of Beogh.
  7948 | D:10     | Entered Level 10 of the Dungeon
  7951 | D:10     | Got a scorched falchion
  7962 | D:10     | Lost intelligence.
  7962 | D:10     | Identified the +10 falchion "Rewnasist" {slice, Str+5 Int-5} (You found it on level 10 of the Dungeon)
  7978 | D:10     | Noticed a two-headed ogre
  7986 | D:10     | Killed a two-headed ogre
  8231 | D:10     | Received a gift from Trog
  8249 | D:10     | Reached XP level 11. HP: 66/98 MP: 3/10
  8253 | D:10     | Reached skill level 13 in Axes
  8286 | D:10     | Found a staircase to the Lair.
  8330 | D:10     | Noticed Josephine
  8340 | D:10     | Killed Josephine
  8340 | D:10     | Reached skill level 10 in Fighting
  8524 | D:10     | Found Satumuw's Food Emporium.
  8589 | D:10     | Reached skill level 10 in Armour
  8928 | D:11     | Found Xiwetexu's Weapon Shop.
  9148 | D:11     | Reached skill level 14 in Axes
  9165 | D:11     | Noticed a catoblepas
  9185 | D:11     | Killed a catoblepas
  9197 | D:11     | Found Pir Jul's Antique Armour Emporium.
  9202 | D:11     | Bought a glowing large shield for 165 gold pieces
  9680 | D:11     | Found Yduogre's General Store.
  9849 | D:11     | Noticed a skeletal warrior
  9849 | D:11     | Noticed a skeletal warrior
  9850 | D:11     | Noticed a skeletal warrior
  9850 | D:11     | Noticed a skeletal warrior
  9850 | D:11     | Noticed a seven-headed hydra
  9910 | D:10     | Killed a skeletal warrior
 10109 | D:11     | Killed a nine-headed hydra
 10587 | D:11     | Killed a skeletal warrior
 10587 | D:11     | Reached XP level 12. HP: 105/109 MP: 11/11
 10783 | Lair:1   | Entered Level 1 of the Lair of Beasts
 10799 | Lair:1   | Reached skill level 10 in Dodging
 10966 | Lair:1   | Found a snail-covered altar of Cheibriados.
 11180 | Lair:1   | Reached ****** piety under Trog
 11180 | Lair:1   | Received a gift from Trog
 11180 | Lair:1   | Reached skill level 1 in Shields
 11479 | Lair:2   | Reached skill level 15 in Axes
 11639 | Lair:2   | Found a staircase to the Swamp.
 12666 | Lair:2   | Noticed a four-headed hydra
 12675 | Lair:2   | Killed a nine-headed hydra
 13034 | Lair:3   | Reached skill level 16 in Axes
 13179 | Lair:3   | Found a labyrinth entrance.
 13187 | Lair:3   | Reached skill level 5 in Shields
 13207 | Lab      | Entered a labyrinth
 14462 | Lab      | Noticed a minotaur
 14481 | Lab      | Killed a minotaur
 14501 | Lab      | Identified a +1 pair of boots of running (You found it in a labyrinth)
 14819 | Lair:3   | Reached XP level 13. HP: 117/117 MP: 12/12
 15497 | Lair:4   | Identified a scroll of acquirement
 15618 | Lair:4   | Found a hole to the Spider Nest.
 16273 | Lair:5   | Found an iron altar of Okawaru.
 17013 | Lair:5   | Found a staircase to the Slime Pits.
 17056 | Lair:5   | Reached skill level 17 in Axes
 17371 | Lair:5   | Noticed a fire dragon
 17381 | Lair:5   | Received a gift from Trog
 17390 | Lair:5   | Killed a fire dragon
 17395 | Lair:5   | Got a smoking hand crossbow {god gift}
 18030 | Lair:6   | Entered Level 6 of the Lair of Beasts
 18550 | Lair:6   | Reached XP level 14. HP: 128/128 MP: 13/13
 19377 | Lair:6   | Reached skill level 18 in Axes
 20684 | D:12     | Received a gift from Trog
 20762 | D:12     | Found Jodiluut's Antique Armour Shop.
 20890 | D:12     | Found Yfewna's Food Shoppe.
 21931 | D:13     | Received a gift from Trog
 22112 | D:14     | Found a gate to the Vaults.
 22711 | D:14     | Reached skill level 19 in Axes
 22836 | D:14     | Reached skill level 10 in Shields
 23104 | D:15     | Entered Level 15 of the Dungeon
 23144 | D:15     | Reached XP level 15. HP: 124/138 MP: 14/14
 23600 | D:15     | Noticed a sphinx
 23619 | D:15     | Received a gift from Trog
 23629 | D:15     | Killed a sphinx
 24359 | D:15     | Found a staircase to the Depths.
 24591 | Orc:1    | Entered Level 1 of the Orcish Mines
 24617 | Orc:1    | Paralysed by an orc sorcerer for 6 turns
 25047 | Orc:2    | Entered Level 2 of the Orcish Mines
 25429 | Orc:2    | Found a flickering gateway to a bazaar.
 25455 | Bazaar   | Entered a bazaar
 25472 | Bazaar   | Found Rajiecwel's Antique Weapon Emporium.
 25472 | Bazaar   | Found Ustruedet's Armour Shoppe.
 25485 | Bazaar   | Found Cykhlemme's Book Shoppe.
 25498 | Bazaar   | Found Hyleeho's General Store.
 25498 | Bazaar   | Found Ycecuk's Distillery.
 25580 | Bazaar   | Bought a potion of might for 60 gold pieces
 25674 | Bazaar   | Bought a scroll of enchant armour for 90 gold pieces
 25674 | Bazaar   | Bought a scroll of enchant armour for 90 gold pieces
 25704 | Bazaar   | Bought a +2 cloak for 214 gold pieces
 25797 | Orc:2    | Found a staircase to the Elven Halls.
 25924 | Orc:2    | Found Batowet's Magic Scroll Emporium.
 25925 | Orc:2    | Found Butux's Food Shoppe.
 25968 | Orc:2    | Received a gift from Trog
 26543 | Orc:2    | Reached skill level 15 in Fighting
 27585 | Orc:2    | Reached skill level 20 in Axes
 28108 | Orc:2    | Reached skill level 15 in Armour
 28113 | Orc:2    | Found Buufu's Antique Weapon Shop.
 28113 | Orc:2    | Found Cyfeinee's Gadget Boutique.
 28115 | Orc:2    | Found a one-way gate leading to the halls of Pandemonium.
 28482 | Spider:1 | Entered Level 1 of the Spider Nest
 28496 | Spider:1 | Received a gift from Trog
 28783 | Spider:1 | Noticed Rupert
 28820 | Spider:1 | Killed Rupert
 28877 | Spider:1 | Found the +9 staff of Olgreb {rPois}
 28910 | Spider:1 | Reached XP level 16. HP: 148/148 MP: 15/15
 29941 | Spider:2 | Identified the +9 hand crossbow of Dullness {velocity, Dex+6 Stlth+} (Trog gifted it to you on level 5 of the Lair of Beasts)
 30382 | Spider:2 | Received a gift from Trog
 30840 | Spider:3 | Reached skill level 21 in Axes
 31212 | Spider:3 | HP: 1/151 [demonic crawler (8)]
 31212 | Spider:3 | Slain by a demonic crawler

Vault maps used:
D:1:      lightli_arrival_boilingwater, corexii_corridor_pit
D:2:      cheibrodos_greedy_goblins, uniq_jessica, uniq_robin
D:3:      nicolae_overflow_crystal_walls, cheibrodos_sewer_entry_sluice,
          st_stairs_7
D:4:      chequers_temple_overflow_minitemple, okawaru_metal_pillars_3,
          minmay_temple_entry_junction, first_ration, serial_shops,
          nicolae_shop_behind_doors, uniq_grinder
D:5:      gammafunk_temple_overflow_pools, uniq_ijyb
D:6:      hangedman_cross_stitches, tgw_trog
D:9:      overflow_temple_1_default, minmay_orc_entry_temple_small, basic_altar,
          uniq_erolcha
D:10:     due_lair_maze_entry_diamond, serial_shops, nicolae_shop_crystal,
          uniq_josephine
D:11:     serial_shops, nicolae_shop_window_shopping,
          nicolae_shop_temple_entry_statues_fountains, shop
D:12:     serial_shops, nicolae_shop_stone, nicolae_shop_crystal
D:13:     grunt_ogre_cave, minmay_misc_feat_encased
D:14:     david_vaults_2, minmay_misc_feat_chi, corexii_checkpoint_a,
          lemuel_another_geyser
D:15:     grunt_enter_depths_hoard, dk_noncrumbling_2
Lair:1:   basic_altar, beast_lair_carwin_1, serial_bayou_shore_a,
          lemuel_fruit_tree
Lair:2:   minmay_swamp_entry_eels, serial_bayou_shore_b
Lair:3:   lab_entry_generic, beast_lair_carwin_9
Lair:4:   spider_nest_entry_webs, minivault_11
Lair:5:   minmay_slime_entry_pillars, basic_altar, bobbens_dragon_lair_wall,
          grunt_megastairs_5
Lair:6:   minmay_lair_end_enchanted_forest
Spider:1: uniq_rupert
Orc:1:    minmay_goldmine, special_room, uniq_nergalle
Orc:2:    pf_orc_diabolical, serial_shops, bzr_entry_dummy
Lab:      labyrinth_hidden_loot
Bazaar:   bazaar_long_row
Sewer:    sewer_sea

Skill      XL: |  1  2  3  4  5  6  7  8  9 10 11 12 13 14 15 16 |
---------------+-------------------------------------------------+-----
Axes           | 4 5 6 8 9 11 12 14 16 17 19 20 21 | 21.0
Fighting       | 4 5 6 7 8 9 11 12 13 14 15 | 15.9
Armour         | 3 4 5 6 8 9 10 11 13 14 15 | 15.7
Dodging        | 3 4 5 6 7 8 9 10 | 10.0
Shields        | 5 7 10 11 12 | 12.4

Action                   |  1- 3 |  4- 6 |  7- 9 | 10-12 | 13-15 | 16-18 || total
-------------------------+-------+-------+-------+-------+-------+-------++-------
Melee: Hand axe          |    53 |   297 |    63 |   432 |  1888 |   559 ||  3292
       Headbutt          |     7 |    41 |    46 |   165 |   500 |   166 ||   925
       Battleaxe         |       |       |   169 |   175 |       |       ||   344
       Broad axe         |       |       |       |    80 |       |       ||    80
Invok: Berserk           |     1 |     1 |     2 |     9 |    15 |       ||    28
       Trog's Hand       |       |       |       |     6 |    12 |     1 ||    19
       Brothers in Arms  |       |       |       |     2 |     9 |     1 ||    12
  Use: Scroll            |       |       |     5 |       |    25 |     1 ||    31
       Potion            |       |       |       |       |       |     1 ||     1
 Stab: Sleeping          |       |     1 |       |       |       |       ||     1
       Petrified         |       |       |       |       |     3 |       ||     3
       Distracted        |       |       |       |       |     2 |       ||     2
  Eat: Chunk             |       |    10 |    10 |    30 |    39 |     7 ||    96
       Ration            |       |       |     1 |     2 |    11 |     2 ||    16
Armor: Animal skin       |     8 |    11 |       |       |       |       ||    19
       Scale mail        |       |   102 |     6 |       |       |       ||   108
       Plate armour      |       |       |   149 |   328 |   770 |   324 ||  1571
Dodge: Dodged            |    37 |   184 |   109 |   217 |   526 |   193 ||  1266
Block: Large shield      |       |       |       |   274 |  1266 |   698 ||  2238

Table legend:
 A = Spawn XP
 B = Non-spawn XP
 C = Spawn XP percentage of total XP
 D = Spawn monster count
 E = Non-spawn monster count
 F = Spawn count percentage of total count
 G = Total turns spent on level
                    A         B        C        D         E        F      G
               +---------+---------+-------+---------+---------+-------+---------
         Total |       0 |  185443 |   0.0 |       0 |     978 |   0.0 | 31212
               +---------+---------+-------+---------+---------+-------+---------
           D:1 |       0 |      46 |   0.0 |       0 |      17 |   0.0 |   606
           D:2 |       0 |     206 |   0.0 |       0 |      54 |   0.0 |  1330
           D:3 |       0 |     164 |   0.0 |       0 |      33 |   0.0 |   585
           D:4 |       0 |     434 |   0.0 |       0 |      32 |   0.0 |   482
           D:5 |       0 |     663 |   0.0 |       0 |      18 |   0.0 |  1210
           D:6 |       0 |    1489 |   0.0 |       0 |      30 |   0.0 |   767
           D:7 |       0 |    1187 |   0.0 |       0 |      27 |   0.0 |  1106
           D:8 |       0 |    1228 |   0.0 |       0 |       8 |   0.0 |   433
           D:9 |       0 |    3220 |   0.0 |       0 |      30 |   0.0 |  1388
          D:10 |       0 |    7288 |   0.0 |       0 |      42 |   0.0 |  1142
          D:11 |       0 |    6666 |   0.0 |       0 |      42 |   0.0 |  1619
          D:12 |       0 |    4556 |   0.0 |       0 |      30 |   0.0 |   690
          D:13 |       0 |    7005 |   0.0 |       0 |      31 |   0.0 |   802
          D:14 |       0 |   10682 |   0.0 |       0 |      33 |   0.0 |  1132
          D:15 |       0 |   20996 |   0.0 |       0 |      55 |   0.0 |  1369
        Lair:1 |       0 |    2123 |   0.0 |       0 |      15 |   0.0 |   732
        Lair:2 |       0 |    8372 |   0.0 |       0 |      37 |   0.0 |  1509
        Lair:3 |       0 |    6918 |   0.0 |       0 |      33 |   0.0 |  1116
        Lair:4 |       0 |    4559 |   0.0 |       0 |      17 |   0.0 |   811
        Lair:5 |       0 |   13096 |   0.0 |       0 |      43 |   0.0 |  1778
        Lair:6 |       0 |   22329 |   0.0 |       0 |      76 |   0.0 |  2302
      Spider:1 |       0 |   18375 |   0.0 |       0 |      52 |   0.0 |   918
      Spider:2 |       0 |   17043 |   0.0 |       0 |      51 |   0.0 |  1211
      Spider:3 |       0 |    9206 |   0.0 |       0 |      25 |   0.0 |   601
         Orc:1 |       0 |    1988 |   0.0 |       0 |      22 |   0.0 |   784
         Orc:2 |       0 |   14864 |   0.0 |       0 |      85 |   0.0 |  2532
           Lab |       0 |     618 |   0.0 |       0 |       1 |   0.0 |  1535
         Sewer |       0 |     122 |   0.0 |       0 |      39 |   0.0 |   414
               +---------+---------+-------+---------+---------+-------+---------
